 Adventure DCSS version bcrawl-1.27.3 (webtiles) character file.

Game seed: 11204064012429438717

84520 galech the Covered (level 4, 35/35 HPs)
             Began as a Demonspawn Fighter on Aug 4, 2020.
             Quit the game on level 4 of the Dungeon.
             The game lasted 00:03:20 (2950 turns).

galech the Covered (Demonspawn Fighter)             Turns: 2950, Time: 00:03:21

Health: 35/35      AC: 12    Str: 18    XL:     4   Next: 2%
Magic:  4/4        EV:  9    Int:  9    God:
Gold:   172        SH:  9    Dex: 12    Spells: 3/3 levels left
                                        Lives:  1   Deaths: 1

rFire    . . .     SeeInvis .   a - +0 war axe
rCold    . . .     Gourm    +   c - +0 medium shield
rNeg     . . .     Faith    .   u - +1 chain mail {rPois}
rPois    +         Spirit   +   n - +0 helmet
rElec    .         Reflect  .   (no cloak)
rCorr    .         Harm     .   j - +0 pair of gloves
MR       .....                  (no boots)
Stlth    ..........             h - amulet of the gourmand
HPRegen  0.11/turn              o - +6 ring of evasion
MPRegen  0.09/turn              (no ring)

@: no status effects
A: magic shield, sanguine armour 2
a: no special abilities


You were on level 4 of the Dungeon.
You were not hungry.

You visited 1 branch of the dungeon, and saw 4 of its levels.

You collected 172 gold pieces.

Inventory:

Hand Weapons
 a - a +0 war axe (weapon)
Armour
 b - a +0 scale mail
 c - a +0 medium shield (worn)
 j - a +0 pair of gloves (worn)
 n - a +0 helmet (worn)
 u - a +1 chain mail of poison resistance (worn)
Jewellery
 h - an amulet of the gourmand (around neck)
 o - a +6 ring of evasion (left hand)
Scrolls
 f - 2 scrolls of teleportation {unknown}
 g - 2 scrolls of enchant armour {unknown}
 i - a scroll of fear {unknown}
 k - a scroll of fog {unknown}
 q - 2 scrolls of amnesia {unknown}
 r - 3 scrolls of identify
 s - a scroll of enchant weapon {unknown}
 t - 2 scrolls of remove curse {unknown}
 v - a scroll of magic mapping {unknown}
Potions
 d - 2 potions of might
 l - a potion of heal wounds {unknown}
 m - a potion of mutation {unknown}
 p - a potion of resistance {unknown}
 w - 2 potions of haste {unknown}
Comestibles
 e - 4 rations {!d}


   Skills:
 + Level 3.3 Fighting
 + Level 2.9 Axes
 + Level 3.6 Armour
 + Level 0.7 Dodging
 + Level 3.4 Shields


You had 3 spell levels left.
You didn't know any spells.
Your spell library was empty.

Dungeon Overview and Level Annotations

Branches:
Dungeon (4/12)
 Temple: D:4-7

Altars:
Ashenzari
Hepliaklqana
Ru
Uskayaw
Vehumet
Wu Jian

Annotations:
D:4 Pikel


Innate Abilities, Weirdness & Mutations

When hurt, damage is shared between your health and your magic reserves.
When seriously injured, your bleeding wounds create thick armour. (AC +0)


Message History

Pikel hits you but does no damage.
You are electrocuted!!
Your blood congeals into armour.
You slash Pikel!
Pikel is severely wounded.
Pikel closely misses you.
The crimson imp blinks!
Pikel barely misses you.
Your chain mail prevents you from hitting Pikel.
Pikel is heavily wounded.
You feel sick.
You are no longer poisoned.
You block Pikel's attack.
You hit Pikel but do no damage.
Pikel is heavily wounded.
Pikel barely misses you.
The crimson imp hits you but does no damage.
Pikel hits you but does no damage.
You are electrocuted!!
You die...
Xom reaches out...
You are now level 4!
You rejoin the land of the living...
Are you sure you want to abandon this character and quit the game? (Confirm with "yes".) #.########..⌠ #..?.@.....8. ###########.⌠

There were no monsters in sight!

Vanquished Creatures
  Jessica (D:2)
  A worker ant (D:4)
  2 adders
  An ooze (D:4)
  3 worms
  A dart slug (D:1)
  4 leopard geckos
  An orc (D:3)
  2 giant cockroaches (D:2)
  A goblin (D:1)
  10 hobgoblins
  3 quokkas
  7 bats
  5 frilled lizards
  8 kobolds
  5 rats
55 creatures vanquished.

Notes
Turn   | Place    | Note
-------+----------+-------------------------------------------
     0 | D:1      | galech the Demonspawn Fighter began the quest for the Orb.
     0 | D:1      | Reached XP level 1. HP: 18/18 MP: 1/1
   300 | D:1      | Gained mutation: When seriously injured, your bleeding
                  | wounds create armour. (AC +0) [demonic ancestry]
   300 | D:1      | Reached XP level 2. HP: 24/24 MP: 2/2
   757 | D:1      | Gained mutation: When hurt, damage is shared between your
                  | health and your magic reserves. [demonic ancestry]
   757 | D:1      | Reached XP level 3. HP: 29/29 MP: 3/3
  1184 | D:2      | Found a sacrificial altar of Ru.
  1212 | D:2      | Noticed Jessica
  1218 | D:2      | Killed Jessica
  1336 | D:2      | Reached XP level 4. HP: 35/35 MP: 4/4
  1462 | D:2      | Found a hide-covered altar of Uskayaw.
  1462 | D:2      | Found an ornate altar of the Wu Jian Council.
  1462 | D:2      | Found a radiant altar of Vehumet.
  1462 | D:2      | Found a sacrificial altar of Ru.
  1994 | D:3      | Found a hazy altar of Hepliaklqana.
  2244 | D:3      | Found a shattered altar of Ashenzari.
  2911 | D:4      | Noticed Pikel
  2911 | D:4      | Noticed a slave
  2911 | D:4      | Noticed a slave
  2911 | D:4      | Noticed a slave
  2911 | D:4      | Noticed a slave
  2945 | D:4      | Gained mutation: When seriously injured, your bleeding
                  | wounds create thick armour. (AC +0) [demonic ancestry]
  2945 | D:4      | Reached XP level 5. HP: 31/41 MP: 5/5
  2949 | D:4      | Slain by Pikel
  2950 | D:4      | Reached XP level 4. HP: -2/35 MP: 0/4
  2950 | D:4      | Quit the game

Skill      XL: |  1  2 |
---------------+-------+-----
Armour         | 3 |  3.6
Axes           | 2 |  2.9
Shields        | 3 |  3.4
Fighting       | |  3.3
Dodging        | |  0.7

Action                   |  1- 3 |  4- 6 || total
-------------------------+-------+-------++-------
Melee: War axe           |    93 |    91 ||   184
  Eat: Chunk             |     9 |     6 ||    15
Armor: Scale mail        |    60 |    16 ||    76
       Chain mail        |       |    25 ||    25
Dodge: Dodged            |    23 |    48 ||    71
Block: Medium shield     |    66 |    30 ||    96
